Map: Vaani Research Station (Void)

Players

ArT - Winner!

  • Race: Protoss Protoss
  • League: Master
  • Spawn Location: 12:00

Rodzyn - Winner!

  • Race: Protoss Protoss
  • League: Master
  • Spawn Location: 6:00

Incipit

  • Race: Zerg Zerg
  • League: Diamond

Ziven

  • Race: Zerg Zerg

VOD

Have the link to the VOD?

Description

Time

  • Played on: Nov. 26, 2016, 12:17 p.m.
  • Length: 7:44
Show
View Real Time Build Order
Export as new Build Order

ArT Protoss - Winner!

Build Orders: 1 Gate Expand, Zealot Archon, Dark Templar Rush 

Get SALT Encoding   

  12  0:01  Probe (Chrono Boost)  
  13  0:11  Probe (Chrono Boost)  
  14  0:18  Pylon  
  14  0:22  Probe (Chrono Boost)  
  15  0:36  Probe (Chrono Boost)  
  15  0:37  Gateway  
  16  0:43  Assimilator  
  16  0:46  Probe (Chrono Boost)  
  17  0:57  Probe (Chrono Boost)  
  18  1:08  Probe (Chrono Boost)  
  19  1:21  Nexus  
  19  1:25  Probe (Chrono Boost)  
  20  1:35  Cybernetics Core  
  20  1:39  Probe (Chrono Boost)  
  21  1:43  Assimilator  
  21  1:49  Probe (Chrono Boost)  
  22  1:55  Pylon  
  22  2:00  Probe (Chrono Boost)  
  23  2:14  Mothership Core (Chrono Boost), Warp Gate  
  25  2:16  Adept  
  27  2:32  Probe (Chrono Boost)  
  27  2:33  Probe (Chrono Boost)  
  29  2:37  Twilight Council  
  29  2:42  Probe (Chrono Boost)  
  31  2:44  Probe (Chrono Boost)  
  31  2:53  Probe (Chrono Boost)  
  31  2:55  Probe (Chrono Boost)  
  33  2:59  Robotics Facility  
  33  3:03  Probe (Chrono Boost)  
  33  3:05  Probe (Chrono Boost)  
  35  3:14  Probe (Chrono Boost)  
  35  3:16  Probe (Chrono Boost)  
  37  3:21  Dark Shrine  
  37  3:23  Gateway  
  37  3:26  Probe (Chrono Boost)  
  38  3:28  Probe (Chrono Boost)  
  39  3:37  Probe (Chrono Boost)  
  39  3:39  Probe (Chrono Boost)  
  41  3:41  Gateway  
  41  3:44  Gateway  
  41  3:46  Warp Prism  
  41  3:54  Pylon  
  43  3:58  Probe x2 (Chrono Boost)  
  45  4:03  Assimilator  
  45  4:05  Assimilator  
  46  4:10  Probe (Chrono Boost)  
  46  4:12  Probe (Chrono Boost)  
  46  4:13  Pylon  
  47  4:21  Stalker  
  47  4:22  Probe (Chrono Boost)  
  47  4:23  Probe (Chrono Boost)  
  51  4:34  Probe x2 (Chrono Boost)  
  51  4:36  Pylon  
  53  4:48  Dark Templar x4  
  53  4:50  Blink  
  61  4:53  Archon x2  
  61  4:59  Nexus  
  61  5:01  Pylon  
  61  5:18  Gateway  
  61  5:19  Gateway  
  61  5:22  Gateway  
  61  5:24  Gateway  
  61  5:32  Stalker x2  
  65  5:37  Stalker  
  65  5:41  Stalker  
  69  5:44  Observer  
  70  5:51  Pylon  
  70  5:54  Pylon  
  70  5:56  Stalker x2  
  74  6:00  Stalker  
  76  6:04  Stalker  
  78  6:15  Stalker x2  
  82  6:20  Stalker  
  84  6:26  Stalker x2  
  84  6:30  Probe (Chrono Boost)  
  84  6:32  Probe x2 (Chrono Boost)  
  91  6:43  Stalker x2  
  91  6:44  Stalker  
  97  6:48  Stalker  
  99  6:55  Stalker x2  
  99  6:58  Stalker  
  105  7:13  Stalker x2  
  109  7:16  Pylon  
  109  7:18  Pylon  
  109  7:21  Pylon  
  109  7:25  Pylon  
Show
View Real Time Build Order
Export as new Build Order

Rodzyn Protoss - Winner!

Build Orders:  

Get SALT Encoding   

  12  0:00  Drone  
  13  0:13  Overlord  
  13  0:18  Drone  
  14  0:31  Drone x2  
  14  0:35  Drone  
  17  0:55  Hatchery  
  17  0:56  Drone  
  17  1:01  Drone  
  18  1:10  Extractor  
  17  1:15  Spawning Pool  
  17  1:18  Drone  
  17  1:22  Drone  
  18  1:28  Drone  
  19  1:42  Drone  
  20  1:52  Overlord  
  20  2:02  Queen  
  20  2:06  Zergling x2  
  20  2:07  Queen  
  25  2:08  Drone  
  25  2:14  Metabolic Boost  
  26  2:17  Drone  
  26  2:18  Drone  
  26  2:22  Drone  
  29  2:28  Drone  
  30  2:32  Drone  
  31  2:44  Drone  
  32  2:46  Drone  
  32  2:47  Hatchery  
  32  2:51  Zergling x2  
  32  2:55  Zergling x2  
  34  3:00  Drone  
  34  3:04  Overlord  
  35  3:20  Overlord  
  35  3:22  Queen  
  35  3:23  Drone x4  
  41  3:28  Drone x3  
  41  3:31  Drone, Extractor  
  44  3:38  Queen, Drone  
  47  3:47  Hatchery  
  47  3:48  Spore Crawler  
  45  3:49  Drone x2  
  45  3:52  Overlord  
  47  3:57  Drone x3  
  49  4:09  Lair  
  49  4:10  Drone x3  
  49  4:11  Extractor  
  49  4:13  Drone x2  
  49  4:15  Extractor  
  52  4:19  Drone x3  
  52  4:21  Drone  
  52  4:23  Drone  
  57  4:34  Overlord  
  57  4:38  Evolution Chamber  
  57  4:39  Zergling x2  
  57  4:40  Zergling x8  
  57  4:42  Spore Crawler  
  60  4:47  Drone x3  
  60  4:48  Drone x2  
  65  4:53  Spore Crawler  
  64  5:00  Zergling x2  
  64  5:01  Zergling x8  
  69  5:11  Zerg Melee Weapons Level 1  
  69  5:12  Hydralisk Den  
  64  5:23  Zergling x22  
  74  5:30  Drone  
  74  5:31  Drone  
  75  5:36  Queen  
  75  5:40  Overseer  
  75  5:41  Drone  
  75  5:42  Drone x2  
  80  5:43  Overlord  
  80  5:44  Overlord  
  76  5:58  Hydralisk  
  76  5:59  Hydralisk x2  
  76  6:01  Hydralisk x3  
  85  6:12  Drone x3  
  85  6:15  Overlord x3  
  88  6:20  Grooved Spines  
  83  6:34  Hydralisk x5  
  83  6:35  Hydralisk x2  
  95  6:41  Evolution Chamber  
  95  6:42  Hydralisk x3  
  95  6:45  Zergling x4  
  102  6:51  Zergling x2  
  102  6:52  Zergling x2  
  102  6:53  Zergling x2  
  103  6:56  Overlord x2  
  96  7:05  Zergling x2, Hydralisk x3  
  98  7:12  Hydralisk x2  
Show
View Real Time Build Order
Export as new Build Order

Incipit Zerg 

Build Orders:  

Get SALT Encoding   

Show
View Real Time Build Order
Export as new Build Order

Ziven Zerg 

Build Orders:  

Get SALT Encoding   

Tags
 
Add a new tag
Caveats
  • Supply blocks, unpowered buildings, or Contaminate may cause inaccurate times.
  • Supply counts are checked every 10 seconds.